 Dungeon Crawl Stone Soup version 0.31-a0-702-gf82c85558f (webtiles) character file.

Game seed: 10914255078676876748

137 qw the Shooter (level 5, 0/32 HPs)
             Began as a Gargoyle Hunter on Sept 7, 2023.
             Slain by Duvessa
             ... wielding a +0 short sword
              (2 damage)
             ... on level 4 of the Dungeon.
             The game lasted 00:00:57 (2649 turns).

qw the Shooter (Gargoyle Hunter)                    Turns: 2649, Time: 00:00:58

Health: 0/32       AC:  9    Str: 14    XL:     5   Next: 20%
Magic:  5/5        EV: 11    Int: 10    God:
Gold:   190        SH:  5    Dex: 15    Spells: 4/4 levels left

rFire   . . .        Y - +0 shortbow
rCold   + . .        (shield currently unavailable)
rNeg    + . .        a - +0 ring mail
rPois   inf          (no helmet)
rElec   +            (no cloak)
rCorr   .            (no gloves)
SInv    .            (no boots)
Will    .....        h - amulet of reflection
Stlth   +            b - ring of protection from cold
HPRegen 0.25/turn    (no ring)
MPRegen 0.09/turn

%: reflection
@: no status effects
A: sickness immunity, AC +4, negative energy resistance 1, electricity
resistance, torment resistance 1, petrification resistance
a: no special abilities


You were on level 4 of the Dungeon.
You visited 1 branch of the dungeon, and saw 4 of its levels.

You collected 190 gold pieces.


Innate Abilities, Weirdness & Mutations

You are immune to sickness and miasma.
Your stone body is resilient. (AC +4)
You are immune to poison.
You resist negative energy. (rN+)
You are resistant to electric shocks. (rElec)
You are resistant to unholy torment.
You are immune to petrification.


   Skills:
 - Level 3.0 Fighting
 + Level 5.6 Ranged Weapons
 - Level 2.0 Armour
 - Level 1.5 Dodging
 - Level 1.1 Stealth


You had 4 spell levels left.
You didn't know any spells.
Your spell library was empty.

Inventory:

Hand Weapons
 Y - a +0 shortbow (weapon)
Armour
 a - a +0 ring mail (worn)
 c - a +0 helmet
Jewellery
 b - a ring of protection from cold (left hand)
 f - a ring of fire
 h - an amulet of reflection (around neck)
Scrolls
 d - a scroll of identify
 i - a scroll of teleportation {unknown}
Potions
 e - a potion of lignification {unknown}
 g - a potion of heal wounds {unknown}
 j - a potion of cancellation {unknown}

Dungeon Overview and Level Annotations

Branches:
Dungeon (4/15)
 Temple: D:4-7

Altars:
Elyvilon
Gozag

Shops:
D:2 :   D:3 (

Annotations:
D:3 3 runed translucent doors, qw's ghost, amateur GrHu
D:4 Dowan; Duvessa


Message History

Duvessa hits you but does no damage.
Dowan mumbles some strange words.
Dowan blinks!
You shoot an arrow.
The arrow hits Duvessa but does no damage.
Duvessa is lightly wounded.
Duvessa barely misses you. Duvessa hits you with a +0 short sword.
You shoot an arrow.
The arrow hits Duvessa but does no damage.
Duvessa is lightly wounded.
Duvessa hits you with a +0 short sword.
You shoot an arrow.
The arrow hits Duvessa but does no damage.
Duvessa is lightly wounded.
Duvessa hits you with a +0 short sword.
You shoot an arrow.
The arrow hits Duvessa but does no damage.
Duvessa is lightly wounded.
You block Duvessa's attack.
You shoot an arrow. The arrow closely misses Duvessa.
The arrow hits Dowan!
Dowan is severely wounded.
Duvessa misses you. Duvessa hits you with a +0 short sword.
You shoot an arrow. The arrow closely misses Duvessa.
The arrow hits Dowan.
Dowan is almost dead.
Duvessa hits you with a +0 short sword.
You shoot an arrow. The arrow hits Duvessa!
Duvessa is moderately wounded.
Duvessa hits you with a +0 short sword.
Dowan gestures at Duvessa while chanting.
Duvessa seems to speed up.
You shoot an arrow.
The arrow hits Duvessa but does no damage.
Duvessa is moderately wounded.
You are no longer glowing.
Duvessa hits you but does no damage. You block Duvessa's attack.
You shoot an arrow.
The arrow hits Duvessa but does no damage.
Duvessa is moderately wounded.
Duvessa hits you with a +0 short sword.
You die...

#### ... #..## ### #...#
...#######.#.# .....
##.........#@# ...e
...........#e# ...
#...........e## .[
#.............# .#
#............####.######
##......####...##.......#
........#..#............#
.#......).[#....#.......#
#......####.......#.....


You could see Duvessa (fast) and Dowan.

Vanquished Creatures
  A hound (D:4)
  4 adders
  A dart slug (D:1)
  6 orcs
  2 ball pythons (D:2)
  3 bats
  6 endoplasms
  3 giant cockroaches
  7 goblins
  5 hobgoblins (D:1)
  4 jackals
  4 kobolds
  2 quokkas (D:1)
  6 frilled lizards
  5 rats
59 creatures vanquished.

Notes
Turn   | Place    | Note
-------+----------+-------------------------------------------
     0 | D:1      | qw the Gargoyle Hunter began the quest for the Orb.
     0 | D:1      | Reached XP level 1. HP: 12/12 MP: 1/1
     0 | D:1      | 0 ||| qw: Version: 0.3-a-76-g4403597
     0 | D:1      | 0 ||| qw: Game counter: 796
     0 | D:1      | 0 ||| qw: Melee chars always use a shield: true
     0 | D:1      | 0 ||| qw: God list: Okawaru
     0 | D:1      | 0 ||| qw: Allow faded altars: false
     0 | D:1      | 0 ||| qw: Do Orc after clearing Dungeon:15 true
     0 | D:1      | 0 ||| qw: Do second Lair branch before Depths: true
     0 | D:1      | 0 ||| qw: Lair rune preference: random
     0 | D:1      | 0 ||| qw: Goals: Normal
     0 | D:1      | 0 ||| PLANNING D:1-11
   162 | D:1      | Reached XP level 2. HP: 14/17 MP: 2/2
   465 | D:1      | Found a faded altar of an unknown god.
   562 | D:1      | Reached XP level 3. HP: 20/21 MP: 3/3
   594 | D:1      | Reached skill level 5 in Ranged Weapons
   850 | D:1      | 850 ||| READING scroll labelled RUOBET QOWUSCH.
   864 | D:1      | 864 ||| READING scroll labelled ERITORPH CION.
   865 | D:1      | 865 ||| DROPPING scroll of butterflies.
  1062 | D:2      | Found Muwiw's Book Boutique.
  1079 | D:2      | Reached skill level 3 in Fighting
  1311 | D:2      | Reached XP level 4. HP: 28/28 MP: 4/4
  1622 | D:2      | 1622 ||| READING scroll labelled XOETSUO BODOI.
  1623 | D:2      | 1623 ||| READING scroll labelled KONGOG TATS.
  1624 | D:2      | 1624 ||| READING scroll labelled FEDGHU JOLINU.
  1625 | D:2      | 1625 ||| READING scroll labelled PUROENT LAYPHO.
  1685 | D:3      | Found an opulent altar of Gozag.
  1725 | D:3      | Noticed qw's ghost (amateur GrHu)
  1852 | D:3      | Found a runed translucent gate.
  1852 | D:3      | Found a runed translucent gate.
  1852 | D:3      | Found a runed translucent gate.
  2017 | D:3      | Found a white marble altar of Elyvilon.
  2171 | D:3      | Found Quixasmu's Weapon Boutique.
  2448 | D:3      | 2448 ||| UPGRADING to +0 ring mail.
  2458 | D:3      | 2458 ||| DROPPING +0 leather armour.
  2459 | D:3      | 2459 ||| UPGRADING to amulet of reflection.
  2464 | D:3      | 2464 ||| UPGRADING to ring of protection from cold.
  2576 | D:4      | Noticed Duvessa
  2577 | D:4      | 2577 ||| Stepping ~*~*~tactically~*~*~ (retreating).
  2578 | D:4      | 2578 ||| Stepping ~*~*~tactically~*~*~ (retreating).
  2583 | D:4      | Reached XP level 5. HP: 28/32 MP: 5/5
  2622 | D:4      | Noticed Dowan
  2625 | D:4      | 2625 ||| RETREATING.
  2631 | D:4      | 2631 ||| Stepping ~*~*~tactically~*~*~ (retreating).
  2632 | D:4      | 2632 ||| Stepping ~*~*~tactically~*~*~ (retreating).
  2645 | D:4      | HP: 8/32 [Duvessa/+0 short sword (6)]
  2647 | D:4      | HP: 2/32 [Duvessa/+0 short sword (4)]
  2649 | D:4      | Slain by Duvessa

Levels and vault maps discovered:
D:1:      saegor_arrival_miasma, layout_basic,
          shapermc_ecumenical_altar_acropolis, minmay_misc_feat_enclosed,
          minmay_misc_feat_more_columns, minmay_tripent
D:2:      layout_basic, serial_shops, shop, minmay_misc_feat_iff
D:3:      layout_loops_ring, grunt_gozag_breadcrumbs,
          mainiacjoe_overflow_small_starburst, serial_shops,
          nicolae_shop_bloodbath_and_beyond, gammafunk_ghost_icy
D:4:      layout_rooms, mainiacjoe_overflow_swirl,
          nicolae_wu_jian_glorious_leap, eino_curves_01,
          minmay_misc_feat_diagonals, dreamdust_princess_corridor,
          corexii_shack, uniq_duvessa

Skill      XL: |  1  2  3  4 |
---------------+-------------+-----
Ranged Weapons | 5 |  5.6
Fighting       | 3 |  3.0
Armour         | 2 |  2.0
Dodging        | |  1.5
Stealth        | |  1.1

Action                     |  1- 3 |  4- 6 || total
---------------------------+-------+-------++-------
   Fire: Shortbow          |   120 |   103 ||   223
    Use: Scroll            |     2 |     4 ||     6
 Armour: Leather armour    |    27 |    14 ||    41
         Ring mail         |       |    24 ||    24
  Dodge: Dodged            |    29 |    24 ||    53
  Block: Other             |       |     8 ||     8

Table legend:
 A = Non-vault XP
 B = Vault XP
 C = Vault XP percentage of total XP
 D = Non-vault monster count
 E = Vault monster count
 F = Vault count percentage of total count
                 A         B        C        D         E       F
            +---------+---------+-------+---------+---------+-------
      Total |     190 |       6 |   3.1 |      56 |       3 |   5.1
            +---------+---------+-------+---------+---------+-------
        D:1 |      49 |       3 |   5.8 |      27 |       2 |   6.9
        D:2 |      32 |       0 |   0.0 |      12 |       0 |   0.0
        D:3 |      52 |       0 |   0.0 |      13 |       0 |   0.0
        D:4 |      57 |       3 |   5.0 |       4 |       1 |  20.0
            +---------+---------+-------+---------+---------+-------
